 Dungeon Crawl Stone Soup version 0.27.1 (webtiles) character file.

Game seed: 804669021914945706

16563 Malachi the Blocker (level 12, -5/97 HPs)
             Began as a Palentonga Berserker on Aug 24, 2021.
             Was a High Priest of Trog.
             Killed from afar by a crystal guardian (38 damage)
             ... with a crystal bolt
             ... on level 12 of the Dungeon.
             The game lasted 00:16:42 (12234 turns).

Malachi the Blocker (Palentonga Berserker)         Turns: 12234, Time: 00:16:44

Health: -5/97      AC: 36    Str: 26 (29) XL:     12   Next: 11%
Magic:  0/12       EV:  5    Int:  4 (7)  God:    Trog [*****.]
Gold:   681        SH: 11    Dex:  7 (10) Spells: 11/11 levels left

rFire    . . .     SeeInvis +   I - +6 morningstar (flame)
rCold    + . .     Faith    .   A - +0 kite shield
rNeg     . . .     Spirit   .   H - +2 chain mail {rC+}
rPois    .         Reflect  .   (no helmet)
rElec    .         Harm     .   i - +1 cloak
rCorr    .         Rampage  .   n - +1 pair of gloves {Str+3}
Will     .....                  l - +4 barding {Fly}
Stlth    ..........             B - amulet of regeneration
HPRegen  1.26/turn              (no ring)
MPRegen  0.13/turn              (no ring)

@: flying, curled up
A: large, rugged brown scales 3, see invisible, deformed body, roll 1, armoured
tail, reflexive curl, iridescent scales 2, camouflage 1
a: Rolling Charge, Renounce Religion, Berserk, Trog's Hand, Brothers in Arms


You were on level 12 of the Dungeon.
You worshipped Trog.
Trog was extremely pleased with you.
You visited 1 branch of the dungeon, and saw 12 of its levels.

You collected 681 gold pieces.

Inventory:

Hand Weapons
 k - a +0 hand axe of flaming
 t - a +5 dire flail of draining
 y - the +3 flail of Konesh {spect, Will+}
   (You found it on level 7 of the Dungeon)

   When its wielder attacks, the weapon's spirit leaps out and strikes again.
   The spirit shares a part of any damage it takes with its wielder.
   Will:      It increases your willpower.
 I - a +6 morningstar of flaming (weapon)
Missiles
 b - a throwing net
 e - 89 poisoned darts
Armour
 i - a +1 cloak (worn)
 l - a +4 barding of flying (worn)
 n - a +1 pair of gloves of strength (worn)
 A - a +0 kite shield (worn)
 H - a +2 chain mail of cold resistance (worn)
Jewellery
 d - an amulet of guardian spirit
 h - a ring of flight
 B - an amulet of regeneration (around neck)
 J - the ring "Wioch" {Fire rElec rN+ Str-2 Dex+5}
   (You found it on level 10 of the Dungeon)

   [ring of fire]

   It enhances your fire magic.
   Str:       It affects your strength (-2).
   Dex:       It affects your dexterity (+5).
   rF:        It protects you from fire.
   rC:        It makes you vulnerable to cold.
   rElec:     It insulates you from electricity.
   rN:        It protects you from negative energy.
Wands
 w - a wand of mindburst (27)
Scrolls
 g - 8 scrolls of teleportation
 j - a scroll of fog
 x - a scroll of fear
 D - 2 scrolls of magic mapping
Potions
 a - 2 potions of berserk rage
 c - 6 potions of curing
 m - 2 potions of heal wounds
 q - 2 potions of degeneration
 s - 2 potions of flight
 u - a potion of brilliance
 z - 2 potions of haste
Miscellaneous
 C - a phial of floods


   Skills:
 + Level 7.1 Fighting
 - Level 1.0(1.2) Short Blades
 - Level 0.8(1.1) Long Blades
 + Level 8.4(10.1) Axes
 - Level 8.6(10.1) Maces & Flails
 - Level 1.0(5.0) Polearms
 - Level 1.1(5.5) Staves
 - Level 0.5(0.8) Slings
 - Level 0.7 Bows
 - Level 0.4 Crossbows
 - Level 0.6(0.9) Throwing
 + Level 6.3 Armour
 + Level 5.1 Dodging
 - Level 1.1 Stealth
 - Level 9.0 Shields
 - Level 0.7 Unarmed Combat
 - Level 1.0 Invocations
 - Level 0.6 Evocations


You had 11 spell levels left.
You didn't know any spells.
Your spell library contained the following spells:

 Spells                   Type           Power      Damage    Failure   Level
 Animate Skeleton         Necr           0%         N/A       97%         1
 Apportation              Tloc           0%         N/A       97%         1
 Corona                   Hex            0%         N/A       97%         1
 Summon Small Mammal      Summ           0%         N/A       97%         1
 Call Canine Familiar     Summ           0%         N/A       100%        3
 Portal Projectile        Hex/Tloc       0%         N/A       100%        3
 Leda's Liquefaction      Hex/Erth       0%         N/A       100%        4
 Malign Gateway           Summ/Tloc      0%         N/A       100%        7
 Summon Horrible Things   Summ           0%         N/A       100%        8


Dungeon Overview and Level Annotations

Branches:
Dungeon (12/15)            Temple (0/1) D:4            Lair (0/6) D:11
    Orc (0/2) D:11

Altars:
Ashenzari
Dithmenos
Hepliaklqana
Nemelex Xobeh
Sif Muna
Yredelemnul

Shops:
D:11 :

Annotations:
D:8 2 runed translucent doors
D:12 exclusion: orange crystal statue


Innate Abilities, Weirdness & Mutations

You are completely covered in rugged brown scales. (AC +3, +7% HP)
You have supernaturally acute eyesight. (SInv)
Armour fits poorly on your strangely shaped body.
You can roll at nearby foes to attack.
You have a long armoured tail.
You curl defensively after being hit.
You are mostly covered in iridescent scales. (AC +4)
Your skin changes colour to match your surroundings (Stealth+).


Message History

Found 38 gold pieces.
Found five items.
Marking area around an orange crystal statue as unsafe for travelling.
Found 23 gold pieces.
Press: ? - help, v - describe, . - travel, g - get item Item here: an iridescent battleaxe.
The floor.
Unknown command.
Found 24 gold pieces, a curved iron wand and a scroll of immolation.
You reach down and open the door.
The orange crystal statue fixes its piercing gaze on you.
You feel your power leaking away. 2 crystal guardians come into view.
Found 15 stones, 20 gold pieces and a chain mail.
The orange crystal statue glitters.
You are confused.
The crystal guardian fires a crystalline bolt at you.
The crystal bolt burns you!! x2
There is an open translucent door here.
The orange crystal statue glitters.
The yak bellows!
The vampire mosquito buzzes angrily.
The crystal guardian fires a crystalline bolt at you.
The crystal bolt freezes you! You resist.
* * * LOW HITPOINT WARNING * * *
You are engulfed in freezing vapours.
You resist.
The orange crystal statue fixes its piercing gaze on you.
You feel your power leaking away.
The crystal guardian fires a crystalline bolt at you.
The crystal bolt burns the crystal guardian.
The crystal guardian completely resists.
You hear a sizzling sound!
You bump into the rock wall.
You are engulfed in freezing vapours.
You resist.
A vampire mosquito comes into view.
You bump into the rock wall.
You feel less confused.
The vampire mosquito buzzes angrily.
A centaur warrior comes into view.
The crystal guardian fires a crystalline bolt at you.
The crystal bolt burns you!!!
You die...

#..# ≈≈.#
####### #≈.#
[...$.. #≈.#
...$..} #≈.#
(/c..($##≈#
...y...##≈#
..8Y$y.88≈#
.$/).Yy##@#
....Ty.##≈##
$...$.? #≈.#
..$$... #≈.#
#########≈.#
≈≈≈≈≈≈≈≈.#
.#######.#
##.# #..#


You could see an orange crystal statue, 2 crystal guardians, a centaur warrior
(wandering), 2 yaks, a troll (summoned) and 4 vampire mosquitoes.

Vanquished Creatures
  2 two-headed ogres
  A cyclops (D:12)
  A manticore (D:8)
  2 komodo dragons
  A kobold demonologist (D:6)
  A tengu conjurer (D:8)
  Psyche (D:11)
  4 trolls
  2 hornets
  Grinder (D:5)
  2 shadows
  2 vampires
  Sigmund (D:5)
  21 yaks
  A wraith (D:9)
  A wyvern (D:7)
  A steam dragon (D:9)
  6 wargs
  Edmund (D:5)
  An acid dragon (D:9)
  2 water moccasins
  7 orc warriors
  A necrophage (D:4)
  A sky beast (D:8)
  2 black bears
  An ice beast (D:4)
  11 ogres
  2 centaurs
  A phantom (D:5)
  Blork the orc (D:5)
  9 kobold brigands
  2 bullfrogs
  4 scorpions
  8 wights
  An electric eel (D:10)
  A bullfrog zombie (D:6)
  14 howler monkeys
  4 centaur zombies
  9 hounds
  2 jellies
  2 bullfrog skeletons (D:6)
  3 orc priests (D:6)
  A gnoll shaman (D:8)
  2 centaur skeletons
  3 iguanas
  10 orc wizards
  A hound skeleton (D:5)
  3 howler monkey zombies
  16 gnolls
  3 adders
  2 river rats (D:6)
  2 shadow imps (D:7)
  5 white imps
  An ufetubus (D:5)
  A worm (D:2)
  31 orcs
  12 ball pythons
  9 endoplasms
  A giant cockroach (D:3)
  4 hobgoblins
  3 jackals (D:1)
  18 kobolds
  3 quokkas
  6 bats
  2 frilled lizards
  7 goblins
  A quokka skeleton (D:4)
  5 rats
293 creatures vanquished.

Vanquished Creatures (others)
  6 plants
6 creatures vanquished.

Grand Total: 299 creatures vanquished

Notes
Turn   | Place    | Note
-------+----------+-------------------------------------------
     0 | D:1      | Malachi the Palentonga Berserker began the quest for the
                  | Orb.
     0 | D:1      | Reached XP level 1. HP: 19/19 MP: 1/1
   277 | D:1      | Reached XP level 2. HP: 25/25 MP: 2/2
   986 | D:2      | Reached XP level 3. HP: 30/31 MP: 3/3
  1023 | D:2      | Reached ** piety under Trog
  1662 | D:3      | Found a faded altar of an unknown god.
  2128 | D:3      | Reached XP level 4. HP: 37/37 MP: 4/4
  2498 | D:4      | Noticed an ice beast
  2504 | D:4      | Killed an ice beast
  2505 | D:4      | Reached XP level 5. HP: 37/43 MP: 5/5
  3261 | D:4      | Noticed a necrophage
  3278 | D:4      | Killed a necrophage
  3279 | D:4      | Reached skill level 5 in Axes
  3279 | D:4      | Reached XP level 6. HP: 41/51 MP: 6/6
  3404 | D:4      | Identified a scroll of acquirement
  3404 | D:4      | Acquired a +2 barding of flying
  3511 | D:4      | Acquired a +1 pair of gloves of strength
  3693 | D:4      | Found a staircase to the Ecumenical Temple.
  3825 | D:5      | Entered Level 5 of the Dungeon
  3836 | D:5      | Reached skill level 1 in Stealth
  3879 | D:4      | Gained mutation: You curl defensively after being hit.
                  | [Palentonga growth]
  3879 | D:4      | Reached XP level 7. HP: 16/57 MP: 7/7
  4635 | D:5      | Noticed Blork the orc
  4660 | D:5      | Killed Blork the orc
  4668 | D:5      | Reached *** piety under Trog
  4901 | D:5      | Noticed Grinder
  4903 | D:5      | Paralysed by Grinder for 4 turns
  4920 | D:5      | Killed Grinder
  4921 | D:5      | Reached XP level 8. HP: 65/65 MP: 8/8
  5036 | D:5      | Noticed Sigmund
  5043 | D:5      | Killed Sigmund
  5052 | D:5      | Noticed Edmund
  5062 | D:5      | Killed Edmund
  5063 | D:5      | Reached skill level 5 in Fighting
  5421 | D:6      | Reached skill level 1 in Maces & Flails
  5609 | D:6      | Reached XP level 9. HP: 72/72 MP: 9/9
  5626 | D:6      | Reached skill level 5 in Armour
  5762 | D:6      | Reached skill level 5 in Maces & Flails
  6117 | D:6      | Found a glowing drain.
  6148 | D:6      | Reached **** piety under Trog
  6384 | D:6      | Noticed a kobold demonologist
  6392 | D:6      | Noticed a sun demon
  6393 | D:6      | Noticed an orange demon
  6397 | D:6      | Killed a kobold demonologist
  6626 | D:6      | Reached XP level 10. HP: 60/81 MP: 10/10
  7269 | D:7      | Identified the +3 flail of Konesh {spect, Will+}
  7409 | D:7      | Found a hazy altar of Hepliaklqana.
  7413 | D:7      | Found a sparkling altar of Nemelex Xobeh.
  7413 | D:7      | Found a shadowy altar of Dithmenos.
  7480 | D:7      | Found a basalt altar of Yredelemnul.
  8314 | D:8      | Found a large runed translucent door.
  8314 | D:8      | Found a large runed translucent door.
  8333 | D:8      | Reached skill level 1 in Shields
  8333 | D:8      | Found a large runed translucent door.
  8333 | D:8      | Found a large runed translucent door.
  8602 | D:8      | Reached ***** piety under Trog
  8757 | D:8      | Reached skill level 2 in Shields
  8809 | D:8      | Reached skill level 3 in Shields
  9103 | D:8      | Noticed a manticore
  9122 | D:8      | Killed a manticore
  9123 | D:8      | Reached skill level 4 in Shields
  9338 | D:9      | Reached XP level 11. HP: 37/85 MP: 11/11
  9340 | D:9      | Reached skill level 5 in Shields
  9734 | D:9      | Found a broken altar of Ashenzari.
  9925 | D:9      | Noticed a two-headed ogre
  9934 | D:9      | Killed a two-headed ogre
  9935 | D:9      | Reached skill level 6 in Shields
 10502 | D:10     | Entered Level 10 of the Dungeon
 10544 | D:10     | Reached skill level 7 in Shields
 10585 | D:10     | Received a gift from Trog
 10599 | D:10     | Reached skill level 8 in Shields
 10762 | D:10     | Found a shimmering blue altar of Sif Muna.
 10785 | D:10     | Identified the ring "Wioch" {Fire rElec rN+ Str-2 Dex+5}
 10962 | D:10     | Reached skill level 9 in Shields
 11029 | D:10     | Reached skill level 1 in Short Blades
 11029 | D:10     | Reached skill level 1 in Polearms
 11035 | D:10     | Reached skill level 1 in Staves
 11060 | D:10     | Reached skill level 1 in Invocations
 11327 | D:11     | Noticed a two-headed ogre
 11330 | D:11     | Killed a two-headed ogre
 11353 | D:11     | Found a staircase to the Orcish Mines.
 11488 | D:11     | Found a shimmering blue altar of Sif Muna.
 11508 | D:11     | Found Xousk's Book Shoppe.
 11552 | D:11     | Noticed Psyche
 11558 | D:11     | Reached skill level 5 in Dodging
 11558 | D:11     | Reached XP level 12. HP: 94/95 MP: 12/12
 11560 | D:11     | Killed Psyche
 11569 | D:11     | Found a staircase to the Lair.
 12002 | D:11     | Gained mutation: Your body sometimes deteriorates upon
                  | taking damage. [potion of mutation]
 12002 | D:11     | Gained mutation: You occasionally shout uncontrollably at
                  | your foes. [potion of mutation]
 12003 | D:11     | Lost mutation: Your body sometimes deteriorates upon taking
                  | damage. [potion of mutation]
 12003 | D:11     | Lost mutation: You occasionally shout uncontrollably at
                  | your foes. [potion of mutation]
 12003 | D:11     | Gained mutation: You are partially covered in iridescent
                  | scales. (AC +2) [potion of mutation]
 12003 | D:11     | Gained mutation: You are mostly covered in iridescent
                  | scales. (AC +4) [potion of mutation]
 12003 | D:11     | Gained mutation: Your skin changes colour to match your
                  | surroundings (Stealth+). [potion of mutation]
 12222 | D:12     | Found a runed translucent door.
 12229 | D:12     | Noticed a crystal guardian
 12229 | D:12     | Noticed a crystal guardian
 12234 | D:12     | Noticed a centaur warrior
 12234 | D:12     | Killed from afar by a crystal guardian

Illustrated notes

Levels and vault maps discovered:
D:1:      amcnicky_arrival_double_pillar, layout_basic, nrook_mini_backslash
D:2:      layout_basic
D:3:      layout_basic, ebering_ecumenical_altar_mist
D:4:      layout_basic, minmay_temple_entry_statues_fountains
D:5:      layout_layer_cave, sigmund_edmund_badplayer, uniq_grinder,
          uniq_blork_the_orc, uniq_sigmund
D:6:      lemuel_castle_with_subvaults [lemuel_castle_interior_carwin_2],
          layout_loops_ring, portal_sewer_entry_c
D:7:      layout_loops_corners, grunt_temple_overflow_open
D:8:      layout_gridville, minmay_hollow_rounded_squares
D:9:      layout_basic, ashenzari_altar_1
D:10:     layout_small_grid, kennysheep_little_box, nooodl_orcs_dogs
D:11:     layout_loops_ring, david_lair_shrubbed, orc_0_dummy, serial_shops,
          shop, nicolae_sif_muna_condensation, uniq_psyche
D:12:     layout_basic, minmay_crystal_box, uniq_gastronok

Skill      XL: |  1  2  3  4  5  6  7  8  9 10 11 12 |
---------------+-------------------------------------+-----
Dodging        | 2 3 4 5 |  5.1
Axes           | 4 5 6 7 8 |  8.4
Armour         | 2 4 5 6 |  6.3
Fighting       | 4 5 6 7 |  7.1
Stealth        | 1 |  1.1
Maces & Flails | 2 7 8 |  8.6
Shields        | 4 9 |  9.0
Short Blades   | 1 |  1.0
Polearms       | 1 |  1.0
Staves         | 1 |  1.1
Invocations    | 1 |  1.0
Long Blades    | |  0.8
Slings         | |  0.5
Bows           | |  0.7
Crossbows      | |  0.4
Throwing       | |  0.6
Unarmed Combat | |  0.7
Evocations     | |  0.6

Action                   |  1- 3 |  4- 6 |  7- 9 | 10-12 || total
-------------------------+-------+-------+-------+-------++-------
Melee: Hand axe          |   123 |    84 |    82 |       ||   289
       Tailslap          |    14 |    12 |    35 |    77 ||   138
       Dire flail        |       |       |   162 |    48 ||   210
       Flail             |       |       |       |   341 ||   341
       Morningstar       |       |       |       |    84 ||    84
Invok: Berserk           |     1 |     3 |     4 |       ||     8
       Trog's Hand       |       |       |     2 |     1 ||     3
 Abil: Rolling Charge    |     1 |       |       |     1 ||     2
  Use: Scroll            |     6 |     2 |     4 |     9 ||    21
       Potion            |       |       |     1 |     9 ||    10
 Stab: Sleeping          |     1 |       |       |       ||     1
       Distracted        |       |       |       |     2 ||     2
Armor: Animal skin       |    61 |     2 |       |       ||    63
       Ring mail         |       |    31 |   202 |   158 ||   391
       Chain mail        |       |       |       |   132 ||   132
Dodge: Dodged            |    60 |    28 |   139 |   142 ||   369
Block: Buckler           |       |       |       |    47 ||    47
       Kite shield       |       |       |       |    27 ||    27
